 Dungeon Crawl Stone Soup version 0.18-a0-844-g9229740 (webtiles) character file.

95 4thArraOfDagon the Skirmisher (level 4, 9/49 HPs)
             Began as an Ogre Hunter on Dec 18, 2015.
             Quit the game on level 4 of the Dungeon.
             The game lasted 00:03:36 (613 turns).

4thArraOfDagon the Skirmisher (Ogre Hunter)          Turns: 613, Time: 00:03:36

Health: 9/49       AC:  3    Str: 13 (17) XL:     4   Next: 66%
Magic:  4/4        EV: 10    Int: 11      God:
Gold:   121        SH:  0    Dex: 13      Spells: 0 memorised, 3 levels left

rFire  . . .     SeeInvis .     h - +0 club
rCold  . . .     Gourm    .     b - +0 robe
rNeg   . . .     Faith    .     (no shield)
rPois  .         Spirit   .     (helmet restricted)
rElec  .         Dismiss  .     (no cloak)
rCorr  .         Reflect  .     (gloves unavailable)
SustAt .         Harm     .     (boots unavailable)
MR     .....                    (no amulet)
Stlth  +.........               (no ring)
                                p - +3 ring of dexterity

@: not resistant to hostile enchantments, very unstealthy
A: unfitting armour, tough skin 1
a: no special abilities


You were on level 4 of the Dungeon.
You were not hungry.

You visited 1 branch of the dungeon, and saw 4 of its levels.

You collected 121 gold pieces.

Inventory:

Hand Weapons
 h - a +0 club (weapon)
Missiles
 e - 18 stones (quivered)
Armour
 b - a +0 robe (worn)
Jewellery
 p - a +3 ring of dexterity (left hand)
Scrolls
 k - a scroll of recharging {unknown}
 m - 3 scrolls of magic mapping {unknown}
 n - a scroll of fear {unknown}
Books
 o - a book of Debilitation

   Spells                             Type                      Level
   a - Corona                         Hexes                        1
   b - Slow                           Hexes                        2
   c - Gell's Gravitas                Hexes/Translocation          3
   d - Inner Flame                    Hexes/Fire                   3
   e - Cause Fear                     Hexes                        4
   f - Leda's Liquefaction            Hexes/Earth                  4
Comestibles
 f - a bread ration
 g - 2 meat rations


   Skills:
 + Level 4.7 Fighting
 * Level 3.8 Maces & Flails
 - Level 4.0 Throwing
 - Level 1.7 Dodging
 - Level 0.7 Stealth


You had 3 spell levels left.
You didn't know any spells.

Dungeon Overview and Level Annotations

Branches:
Dungeon (4/15)
 Temple: D:4-7

Altars:

Annotations:
D:2 Robin


Innate Abilities, Weirdness & Mutations

You are too large for most types of armour.
You have tough skin (AC +1).


Message History

You throw a large rock.
The large rock barely misses the worker ant.
Throwing (i - inventory. (,) - cycle):
c - 2 large rocks (quivered)
Press: ? - help, Shift-Dir - straight line, f/p - worker ant
Aim: a worker ant You throw a large rock.
The large rock closely misses the worker ant.
Throwing (i - inventory. (,) - cycle):
c - a large rock (quivered)
Press: ? - help, Shift-Dir - straight line, f/p - worker ant
Aim: a worker ant You throw a large rock.
The large rock closely misses the worker ant.
Throwing (i - inventory. (,) - cycle):
d - a throwing net (quivered)
Press: ? - help, Shift-Dir - straight line, f/p - worker ant
Aim: a worker ant You throw a throwing net.
The throwing net closely misses the worker ant.
The worker ant bites you.
* * * LOW HITPOINT WARNING * * *
Are you sure you want to abandon this character and quit the game? (Confirm with "yes".)

#.# #.#..# # #.#
#.#... #.##.#
#.##.# #....# #.#
####.# #.# #.#
####.#>
#.########[......
#........@a.....(
#.########.......
#.. ....... ###
......( #....((
######


You could see a worker ant.

Vanquished Creatures
  An orc priest (D:4)
  A worker ant (D:3)
  An adder (D:3)
  2 oozes
  A giant gecko (D:2)
  3 orcs (D:4)
  2 goblins (D:3)
  3 hobgoblins
  2 kobolds (D:1)
  4 bats
  A giant newt (D:3)
  A quokka (D:3)
  A rat (D:1)
23 creatures vanquished.

Notes
Turn   | Place    | Note
--------------------------------------------------------------
     0 | D:1      | 4thArraOfDagon the Ogre Hunter began the quest for the Orb.
     0 | D:1      | Reached XP level 1. HP: 22/22 MP: 1/1
   134 | D:1      | Reached XP level 2. HP: 24/31 MP: 2/2
   157 | D:2      | Noticed Robin
   195 | D:2      | Reached skill level 1 in Maces & Flails
   298 | D:3      | Reached XP level 3. HP: 35/39 MP: 3/3
   489 | D:4      | Reached XP level 4. HP: 40/48 MP: 4/4
   548 | D:4      | HP: 1/49 [orc/hand axe (3)]
   613 | D:4      | Quit the game

Vault maps used:
D:1:      lightli_arrival_windingriver
D:2:      grunt_temple_overflow_open, bloody_trog, uniq_natasha, uniq_iyjb,
          uniq_robin
D:3:      first_bread, uniq_crazy_yiuf_cottage, uniq_jessica
D:4:      grunt_dithmenos_shadows, serial_shops,
          nicolae_shop_temple_entry_statues_fountains

Action                   |  1- 3 |  4- 6 || total
-------------------------+-------+-------++-------
Melee: Club              |    43 |    25 ||    68
       Short sword       |     6 |       ||     6
Throw: Large rock        |    13 |     9 ||    22
       Throwing net      |     2 |     2 ||     4
       Stone             |     7 |       ||     7
  Use: Potion            |       |     4 ||     4
 Stab: Sleeping          |     1 |       ||     1
